AoeStats
← tony10246

Pilgrims

507066628Analyzed
4v4 RM · 14d ago on Sep 16, 2026· 16m 30s· 8 players
Game mode
Random Map
Map size
Large (8 player)
Population
200
Speed
Normal
Resources
Standard
Victory
Conquest
Starting age
Dark Age
Ending age
Imperial Age
RankedLock teamsTeams togetherTeam positionsShared explorationLock speedFull tech treeHidden civsTurbo modeCheats
Victory
Defeat
🇹🇼 Armenians · Taiwan
1346
+10
🇻🇳 Cumans · Vietnam
1262
+13
🇯🇵 Dravidians · Japan
1172
+17
🇹🇼 Vietnamese · Taiwan
1097
+21
🇨🇳 Lithuanians · China
1234
-17
🇧🇷 Italians · Brazil
1214
-16
🇹🇼 Spanish · Taiwan
1194
-15
🇹🇼 Persians · Taiwan
1151
-13
越南王力宏
10:25 Feudal Age
10:03 Loom
11:07 Double-Bit Axe
12:38 Town Watch
tony10246
6:08 Loom
11:34 Feudal Age
13:05 Wheelbarrow
15:36 Double-Bit Axe
17:55 Castle Age
天線小號
2:51 Loom
10:00 Feudal Age
10:33 Double-Bit Axe
10:44 Man-at-Arms
11:17 Town Watch
11:56 Town Watch
11:35 Long Swordsman
13:04 Horse Collar
15:26 Scale Mail Armor
牛来
5:43 Loom
10:52 Feudal Age
11:40 Double-Bit Axe
13:40 Fletching
17:23 Castle Age
16:23 Gold Mining
是关中王来了
9:41 Feudal Age
10:41 Double-Bit Axe
Doomsday
12:00 Feudal Age
優秀的傳教士
5:30 Loom
很多毛的人類
6:32 Loom
9:32 Feudal Age
13:40 Castle Age
12:41 Double-Bit Axe
13:33 Horse Collar
Connection lost

Rejoining the realm…

Still unreachable

The connection could not be restored.

Session expired

The server has moved on; the page needs a fresh start.